 Dungeon Crawl Stone Soup version 0.23.0 (webtiles) character file.

Game seed: 5478092723231527367

211 Borgoz the Cutter (level 5, -2/45 HPs)
             Began as a Ghoul Gladiator on Feb 17, 2019.
             Slain by a bullfrog (3 damage)
             ... in a sewer.
             The game lasted 00:05:24 (2904 turns).

Borgoz the Cutter (Ghoul Gladiator)                 Turns: 2904, Time: 00:05:25

Health: -2/45      AC:  7    Str: 22 (23) XL:     5   Next: 88%
Magic:  4/4        EV: 13    Int:  7 (9)  God:
Gold:   138        SH:  0    Dex:  9 (10) Spells: 4/4 levels left

rFire    . . .     SeeInvis .   a - +0 rapier
rCold    + . .     Gourm    .   (no shield)
rNeg     + + +     Faith    .   b - +0 leather armour
rPois    ∞         Spirit   .   c - +0 helmet
rElec    .         Reflect  .   (no cloak)
rCorr    .         Harm     .   s - +0 pair of gloves
MR       .....                  h - +1 pair of boots
Stlth    +.........             (no amulet)
HPRegen  0.00/turn              (no ring)
MPRegen  0.09/turn              (no ring)

@: mighty, brilliant, very slightly contaminated, rotting, invisible, very slow
A: rotting body, claws 1, carnivore, cold resistance 1, negative energy
resistance 3, inhibited regeneration, torment resistance, unbreathing
a: no special abilities


You were in a sewer.
You were not hungry.

You visited 1 branch of the dungeon, and saw 5 of its levels.
You also visited: Sewer.

You collected 138 gold pieces.

Inventory:

Hand Weapons
 a - a +0 rapier (weapon)
Missiles
 d - 3 throwing nets (quivered)
Armour
 b - a +0 leather armour (worn)
 c - a +0 helmet (worn)
 h - a +1 pair of boots (worn)
 s - a +0 pair of gloves (worn)
Scrolls
 k - a scroll of enchant weapon {unknown}
 l - a scroll of fog {unknown}
 t - a scroll of amnesia {unknown}
Potions
 g - a potion of curing
Comestibles
 f - 4 rations


   Skills:
 + Level 3.4 Fighting
 * Level 4.2 Short Blades
 - Level 1.7 Throwing
 * Level 4.1 Dodging


You had 4 spell levels left.
You didn't know any spells.
Your spell library was empty.

Dungeon Overview and Level Annotations

Branches:
Dungeon (6/15)
 Temple: D:4-7

Altars:
Kikubaaqudgha


Innate Abilities, Weirdness & Mutations

Your body is rotting away.
You thrive on raw meat.
You are immune to poison.
You have sharp fingernails.
You are carnivorous and can eat meat at any time.
Your flesh is cold resistant. (rC+)
You are immune to negative energy. (rN+++)
You do not regenerate when monsters are visible.
You are immune to unholy pain and torment.
You can survive without breathing.


Message History

It was a potion of mutation.
You feel extremely strange.
Your body decomposes!
You feel weakened.
Your body decomposes!
You feel dopey.
Your body decomposes!
You feel clumsy.
Your body decomposes!
You feel dopey.
The bullfrog closely misses you. x2; The bullfrog barely misses you.
The bullfrog hits you.
* * * LOW HITPOINT WARNING * * *
It was a potion of might.
You feel very mighty all of a sudden.
The bullfrog hits you but does no damage.
The bullfrog closely misses you.
You barely miss the bullfrog.
The bullfrog is severely wounded.
The bullfrog barely misses you. The bullfrog hits you.
You die...

#######################
##.....≈≈.≈.≈≈≈........#
#..≈≈≈≈≈≈≈≈≈≈≈≈≈≈≈≈≈≈≈.#
#.≈≈≈≈≈≈≈≈≈≈≈≈≈≈≈≈≈≈≈≈÷#
#.≈≈≈≈≈≈≈≈≈≈≈≈≈≈≈≈≈≈≈≈.#
#.≈≈≈≈..≈≈≈@≈≈≈≈≈≈.≈≈≈.#
#.≈≈≈.≈≈≈≈FF≈≈########≈#
#.≈≈≈.≈≈≈≈≈≈≈≈≈# #≈#
#.≈≈≈≈≈≈≈≈≈≈≈≈≈≈# #≈#
#.≈≈≈≈≈≈≈≈≈≈≈≈≈≈# #≈#
#.≈≈≈≈≈≈≈≈≈≈≈≈≈≈≈# #≈#
#.≈≈≈≈≈≈≈≈≈≈..∩≈≈# #≈#
#.≈≈≈≈≈≈......≈≈≈# #.#
#.≈≈≈≈≈≈≈≈.≈.≈≈≈≈≈ #.#


You could see 2 bullfrogs.

Vanquished Creatures
  A hound (D:4)
  A worker ant (D:1)
  6 adders
  An ooze (D:2)
  A worm (D:2)
  A dart slug (D:1)
  5 leopard geckos (Sewer)
  3 orcs
  6 bats
  14 giant cockroaches
  7 hobgoblins
  10 jackals
  4 ball pythons
  5 frilled lizards
  4 goblins
  A kobold (D:2)
  17 rats
87 creatures vanquished.

Notes
Turn   | Place    | Note
-------+----------+-------------------------------------------
     0 | D:1      | Borgoz the Ghoul Gladiator began the quest for the Orb.
     0 | D:1      | Reached XP level 1. HP: 17/17 MP: 0/0
   200 | D:1      | Reached XP level 2. HP: 24/25 MP: 1/1
   721 | D:1      | Reached XP level 3. HP: 7/30 MP: 2/2
  1079 | D:2      | Reached XP level 4. HP: 18/37 MP: 3/3
  1669 | D:2      | Found an ancient bone altar of Kikubaaqudgha.
  1899 | D:2      | Reached XP level 5. HP: 35/44 MP: 4/4
  2538 | D:4      | You fall through a shaft for 2 floors!
  2602 | D:6      | Found a glowing drain.
  2620 | Sewer    | Entered a sewer
  2902 | Sewer    | HP: 1/45 [bullfrog (4)]
  2904 | Sewer    | Slain by a bullfrog

Skill      XL: |  1  2  3  4  5 |
---------------+----------------+-----
Short Blades   | 3 4 |  4.2
Dodging        | 3 4 |  4.1
Fighting       | 3 |  3.4
Throwing       | |  1.7

Action                   |  1- 3 |  4- 6 || total
-------------------------+-------+-------++-------
Melee: Rapier            |   113 |   237 ||   350
  Use: Potion            |       |     6 ||     6
       Scroll            |       |     3 ||     3
  Eat: Chunk             |     7 |    12 ||    19
Armor: Leather armour    |    52 |    80 ||   132
Dodge: Dodged            |    89 |   169 ||   258
